[Event "January 2 Early 2024"]
[Site "https://www.chess.com"]
[Date "2024.01.02"]
[Round "4"]
[White "Bindrich, Falko"]
[Black "Goncalves, Davi Sulzbacher"]
[Result "1-0"]
[Board "71"]
[TimeControl "180+1"]
[WhiteFideId "4676670"]
[BlackFideId "2154510"]
[WhiteElo "2756"]
[BlackElo "2520"]
[WhiteTeam "GER"]
[BlackTeam "BRA"]
[WhiteClock "0:00:38"]
[BlackClock "0:00:00"]

1. d4 Nf6 2. c4 g6 3. Nf3 Bg7 4. g3 O-O 5. Bg2 c6 6. O-O d5 7. Nbd2 Bf5 8. b3 Nbd7 9. Bb2 Ne4 10. Re1 a5 11. Nh4 e6 12. Nxe4 Bxe4 13. f3 g5 14. fxe4 gxh4 15. exd5 exd5 16. cxd5 cxd5 17. g4 h3 18. Bxd5 Qg5 19. Bxb7 Ra6 20. Kh1 Rf6 21. Bf3 Re8 22. Qc1 Qh4 23. Rf1 Bh6 24. Qe1 Qg5 25. Bc1 Qg7 26. g5 Bxg5 27. Rg1 h6 28. Qg3 Rg6 29. Qxh3 1-0

[Event "January 2 Early 2024"]
[Site "https://www.chess.com"]
[Date "2024.01.02"]
[Round "4"]
[White "Przybylski, Wojciech"]
[Black "Wagner, Dennis"]
[Result "1/2-1/2"]
[Board "72"]
[TimeControl "180+1"]
[WhiteFideId "1117599"]
[BlackFideId "24650684"]
[WhiteElo "2521"]
[BlackElo "2756"]
[WhiteTeam "POL"]
[BlackTeam "GER"]
[WhiteClock "0:00:03"]
[BlackClock "0:00:08"]

1. e4 e5 2. Nf3 Nc6 3. Bb5 a6 4. Ba4 Nf6 5. O-O Be7 6. Re1 b5 7. Bb3 O-O 8. d4 d6 9. c3 Bg4 10. a4 Bxf3 11. gxf3 Na5 12. Bc2 Nh5 13. f4 Nxf4 14. Bxf4 exf4 15. Qg4 c5 16. Nd2 cxd4 17. cxd4 Nc6 18. Nf3 Qb6 19. a5 Nxa5 20. Qxf4 Nc6 21. Rad1 g6 22. Bb3 Rac8 23. Rc1 Kg7 24. Bd5 f6 25. Be6 Rc7 26. Rcd1 Nd8 27. Bd5 Nf7 28. h4 Rc2 29. b3 Ne5 30. Nh2 f5 31. dxe5 fxe4 32. Qe3 Qxe3 33. Rxe3 Rfxf2 34. Nf1 dxe5 35. Rxe4 Bc5 36. Kh1 Rf3 37. Re2 Rh3+ 38. Rh2 Rcxh2+ 39. Nxh2 Rxh4 40. Kg2 a5 41. Nf3 Rg4+ 42. Kh3 Rf4 43. Nxe5 a4 44. bxa4 bxa4 45. Nd7 Be7 46. Re1 Bg5 47. Re5 Kh6 48. Re2 Rh4+ 49. Kg3 Rd4 50. Be6 a3 51. Kg2 Kg7 52. Rf2 h5 53. Re2 Rd2 54. Rxd2 Bxd2 55. Bb3 g5 56. Nc5 g4 57. Ne4 Bf4 58. Nf2 Kg6 59. Nd3 Bd6 60. Nf2 Kg5 61. Ne4+ Kf4 62. Nxd6 Ke3 63. Nf5+ Kd3 64. Kg3 Kc3 65. Bf7 Kb2 66. Ne3 a2 67. Nd1+ Kc1 68. Bxa2 Kxd1 69. Bf7 Ke1 70. Bxh5 Kd2 71. Bxg4 1/2-1/2

[Event "January 2 Early 2024"]
[Site "https://www.chess.com"]
[Date "2024.01.02"]
[Round "4"]
[White "Petukhov, Dmitry"]
[Black "Matinian, Nikita"]
[Result "1-0"]
[Board "73"]
[TimeControl "180+1"]
[WhiteFideId "4142748"]
[BlackFideId "24129100"]
[WhiteElo "2520"]
[BlackElo "2745"]
[WhiteTeam "RUS"]
[BlackTeam "FID"]
[WhiteClock "0:00:13"]
[BlackClock "0:00:04"]

1. e4 c5 2. c3 d5 3. exd5 Qxd5 4. d4 Nf6 5. Nf3 e6 6. Be2 Nc6 7. O-O Be7 8. Be3 cxd4 9. cxd4 O-O 10. Nc3 Qd8 11. Ne5 Bd7 12. Bf3 Rc8 13. Rc1 a6 14. a3 b5 15. b4 Bd6 16. Bf4 Qe7 17. Re1 Rfd8 18. Bg5 h6 19. Bh4 Be8 20. Ne4 Bxe5 21. dxe5 Rxd1 22. Rexd1 Rd8 23. exf6 Rxd1+ 24. Rxd1 Qf8 25. fxg7 Kxg7 26. Bf6+ Kh7 27. Ng3 Ne7 28. Be4+ Ng6 29. h4 h5 30. Rd8 a5 31. bxa5 Qxa3 32. Rxe8 Kh6 33. Rg8 Qc1+ 34. Kh2 Qf4 35. Bg5+ 1-0

[Event "January 2 Early 2024"]
[Site "https://www.chess.com"]
[Date "2024.01.02"]
[Round "4"]
[White "Goltsev, Dmitry"]
[Black "Manukyan, Artyom"]
[Result "1/2-1/2"]
[Board "74"]
[TimeControl "180+1"]
[WhiteFideId "24176710"]
[BlackFideId "13305786"]
[WhiteElo "2741"]
[BlackElo "2518"]
[WhiteTeam "RUS"]
[BlackTeam "ARM"]
[WhiteClock "0:00:13"]
[BlackClock "0:00:55"]

1. e4 c5 2. Nf3 d6 3. d4 cxd4 4. Nxd4 Nf6 5. Nc3 g6 6. Be2 Bg7 7. O-O O-O 8. Bg5 Nc6 9. Qd2 Bd7 10. Rad1 Rc8 11. Nb3 Re8 12. Rfe1 Na5 13. Nxa5 Qxa5 14. Bf1 Be6 15. a3 Nd7 16. Nd5 Qxd2 17. Rxd2 Bxd5 18. exd5 Bxb2 19. Bb5 Rc7 20. Rxe7 Rxe7 21. Bxe7 Bxa3 22. Re2 Ne5 23. Bf6 Rc5 24. f4 Rxb5 25. fxe5 Rxd5 26. exd6 Bc5+ 27. Kf1 Rd1+ 28. Re1 Rxe1+ 29. Kxe1 Bxd6 30. Ke2 Bxh2 31. Bd4 a5 32. Kd3 Bc7 33. Kc4 f5 34. Kb5 Kf7 35. c4 Ke6 36. c5 g5 37. Bc3 h5 38. c6 bxc6+ 39. Kxc6 Bd8 40. Kb7 f4 41. Kc8 g4 42. Kxd8 f3 43. gxf3 gxf3 44. Bxa5 f2 45. Kc8 f1=Q 46. Kb7 Qb5+ 47. Bb6 Qxb6+ 48. Ka8 h4 1/2-1/2

[Event "January 2 Early 2024"]
[Site "https://www.chess.com"]
[Date "2024.01.02"]
[Round "4"]
[White "Kopczynski, Michal"]
[Black "Zou, Chen"]
[Result "0-1"]
[Board "75"]
[TimeControl "180+1"]
[WhiteFideId "1124200"]
[BlackFideId "8610959"]
[WhiteElo "2519"]
[BlackElo "2737"]
[WhiteTeam "POL"]
[BlackTeam "CHN"]
[WhiteClock "0:00:00"]
[BlackClock "0:00:32"]

1. e4 c5 2. d4 cxd4 3. c3 Nf6 4. Bd3 dxc3 5. Nxc3 d6 6. f4 Nc6 7. Nf3 e6 8. O-O Be7 9. Kh1 e5 10. f5 O-O 11. Qe1 b6 12. Qg3 Kh8 13. Bg5 Bb7 14. Rad1 Nh5 15. Qh4 Bxg5 16. Nxg5 Nf6 17. Nd5 h6 18. Qh3 Nxd5 19. exd5 Qxg5 20. dxc6 Bxc6 21. f6 g6 22. Bc4 Rad8 23. Rd3 Bd7 24. Qf3 e4 25. Qxe4 Bf5 26. Rxf5 Qxf5 27. Qxf5 gxf5 28. Rd5 Rfe8 29. h4 Re5 30. Rd4 d5 31. Bb3 h5 32. Kh2 Kh7 33. Kg3 Kg6 34. Bd1 Rh8 35. Bf3 Kxf6 36. Kf4 a5 37. g3 b5 38. b4 a4 39. Rd3 Rc8 40. Bxh5 Re4+ 41. Kf3 Rh8 42. g4 fxg4+ 43. Bxg4 Ke5 44. Bd7 Rxb4 45. Bc6 Rf4+ 46. Kg3 Rg8+ 47. Kh3 Rd8 48. Bxb5 Rh8 49. Bc6 Rhxh4+ 50. Kg3 Rfg4+ 51. Kf3 Rh3+ 52. Kxg4 Rxd3 53. Bxa4 Ra3 54. Bb3 f5+ 55. Kf3 f4 56. Ke2 d4 57. Kd3 f3 58. Kd2 Ra7 59. Kd3 Rc7 60. Bd1 Rc3+ 61. Kd2 Re3 62. a4 f2 63. Be2 Ra3 64. Bb5 Ra1 65. a5 f1=Q 0-1

[Event "January 2 Early 2024"]
[Site "https://www.chess.com"]
[Date "2024.01.02"]
[Round "4"]
[White "Liyanage, Ranindu Dilshan"]
[Black "Pinero Rodriguez, Carlos Jose"]
[Result "0-1"]
[Board "76"]
[TimeControl "180+1"]
[WhiteFideId "9915834"]
[BlackFideId "3901726"]
[WhiteElo "2736"]
[BlackElo "2510"]
[WhiteTeam "SRI"]
[BlackTeam "VEN"]
[WhiteClock "0:00:15"]
[BlackClock "0:00:18"]

1. d4 Nf6 2. Nc3 d5 3. Bf4 g6 4. e3 Bg7 5. Nb5 Na6 6. h3 O-O 7. Nf3 Ne4 8. a4 c6 9. Na3 Nc7 10. Bd3 f5 11. O-O e6 12. Be5 Ne8 13. c3 N8d6 14. Nc2 Qe7 15. b3 Bd7 16. c4 Nf7 17. Bxg7 Kxg7 18. Nce1 Rad8 19. Bc2 Bc8 20. Nd3 Nf6 21. Qe2 Nd7 22. c5 e5 23. dxe5 Nfxe5 24. Ndxe5 Nxe5 25. Nd4 Rfe8 26. b4 Qf6 27. Bb3 Bd7 28. Qd2 Re7 29. f4 Nf7 30. Rae1 Rde8 31. b5 Nd8 32. Nf3 Nf7 33. Qd4 Qxd4 34. exd4 Rxe1 35. Rxe1 Rxe1+ 36. Nxe1 Nd8 37. Nd3 Ne6 38. Ne5 Be8 39. bxc6 bxc6 40. Nf3 Nxf4 41. a5 Ne6 42. Kf2 Kf6 43. Ke3 g5 44. Ba4 f4+ 45. Kd3 Nd8 46. Ne5 h5 47. Bd1 Bg6+ 48. Kc3 Be8 49. Ba4 Kf5 50. Bc2+ Kf6 51. a6 Ke6 52. Kb4 Kf6 53. Ba4 Ke6 54. Bc2 Kf6 55. Kc3 Ne6 56. Ba4 Nd8 57. Kd3 Ke6 58. Bd1 Kf5 59. Kc3 Ke4 60. Bc2+ Ke3 61. Bg6 Bxg6 62. Nxg6 g4 63. hxg4 hxg4 64. Ne5 g3 65. Nf3 Kf2 66. Nh4 f3 67. gxf3 g2 68. Nxg2 Kxg2 69. f4 Kf3 70. f5 Kf4 71. f6 Kf5 72. Kd3 Kxf6 73. Ke3 Ne6 74. Kd3 Kf5 0-1

[Event "January 2 Early 2024"]
[Site "https://www.chess.com"]
[Date "2024.01.02"]
[Round "4"]
[White "Manelyuk, Daniil"]
[Black "Srdanovic, Jovana"]
[Result "1-0"]
[Board "77"]
[TimeControl "180+1"]
[WhiteFideId "44173920"]
[BlackFideId "954810"]
[WhiteElo "2734"]
[BlackElo "2506"]
[WhiteTeam "RUS"]
[BlackTeam "SRB"]
[WhiteClock "0:00:22"]
[BlackClock "0:00:59"]

1. e4 c5 2. Nf3 Nf6 3. Nc3 d5 4. exd5 Nxd5 5. Nxd5 Qxd5 6. Be2 Nc6 7. O-O Bg4 8. b3 e6 9. Bb2 O-O-O 10. a3 Bxf3 11. Bxf3 Qxd2 12. Qb1 Nd4 13. Be4 Ne2+ 14. Kh1 Nc3 15. Bxc3 Qxc3 16. b4 c4 17. Qc1 f5 18. Bf3 Bd6 19. Qg5 Qe5 20. g3 h6 21. Qc1 h5 22. Re1 Qf6 23. Qe3 Kb8 24. Qxe6 Qxe6 25. Rxe6 h4 26. Rd1 Bc7 27. Rxd8+ Bxd8 28. Kg2 hxg3 29. hxg3 Bf6 30. Bd5 c3 31. Bc4 Rd8 32. Re2 a6 33. Bd3 g6 34. g4 fxg4 35. Kg3 Rd4 36. Bxg6 Rd2 37. Bd3 Rd1 38. Kxg4 Ra1 39. Re8+ Kc7 40. Rf8 Be7 41. Rf7 Kd6 42. Be4 b5 43. f4 Rxa3 44. f5 Ra4 45. f6 Bd8 46. Kf5 Rxb4 47. Rf8 Bxf6 48. Rxf6+ Kc5 49. Rxa6 Rb1 50. Ke5 Re1 51. Rc6+ Kb4 52. Kd4 Rd1+ 53. Bd3 Rh1 54. Rb6 Rh4+ 55. Kd5 Rh5+ 56. Kc6 Ka3 57. Rxb5 Rh6+ 58. Kc5 Rh5+ 59. Kc4 Rh4+ 60. Kxc3 Ka2 61. Bc4+ 1-0

[Event "January 2 Early 2024"]
[Site "https://www.chess.com"]
[Date "2024.01.02"]
[Round "4"]
[White "Stojanovski, Sandi"]
[Black "Lewtak, Damian"]
[Result "0-1"]
[Board "78"]
[TimeControl "180+1"]
[WhiteFideId "1403249"]
[BlackFideId "1141724"]
[WhiteElo "2504"]
[BlackElo "2733"]
[WhiteTeam "DEN"]
[BlackTeam "POL"]
[WhiteClock "0:00:03"]
[BlackClock "0:00:13"]

1. d3 Nf6 2. Nf3 d5 3. g3 Nc6 4. Bg2 e5 5. O-O Be7 6. Bg5 O-O 7. Nc3 d4 8. Bxf6 Bxf6 9. Ne4 Be7 10. c3 Be6 11. cxd4 exd4 12. Qa4 f5 13. Ned2 a6 14. Rfc1 Qd7 15. Qd1 Bd5 16. Nb3 Bf6 17. Nc5 Qc8 18. Nh4 Bxg2 19. Qb3+ Kh8 20. Nxg2 Rb8 21. Nf4 Bg5 22. Nce6 Bxf4 23. Nxf4 Re8 24. Rc5 g5 25. Nh5 Rf8 26. Rac1 Qe8 27. g4 Qxe2 28. Qd5 Qxg4+ 29. Ng3 f4 30. Rxc6 fxg3 31. Qe5+ Kg8 32. hxg3 bxc6 33. Rxc6 Qf5 34. Qe7 Qxf2+ 35. Kh1 Qf1+ 36. Kh2 Rf2# 0-1

[Event "January 2 Early 2024"]
[Site "https://www.chess.com"]
[Date "2024.01.02"]
[Round "4"]
[White "Syaputra, Arifa Rizki"]
[Black "Weisz, Bryan"]
[Result "1-0"]
[Board "79"]
[TimeControl "180+1"]
[WhiteFideId "7105100"]
[BlackFideId "30934133"]
[WhiteElo "2728"]
[BlackElo "2503"]
[WhiteTeam "INA"]
[BlackTeam "USA"]
[WhiteClock "0:00:13"]
[BlackClock "0:00:05"]

1. d4 d6 2. c4 Nf6 3. g3 g6 4. Bg2 Bg7 5. Nf3 O-O 6. O-O c5 7. Nc3 cxd4 8. Nxd4 Nc6 9. Nxc6 bxc6 10. Bxc6 Rb8 11. Bg2 Be6 12. b3 d5 13. Nxd5 Nxd5 14. cxd5 Bxa1 15. dxe6 Qxd1 16. Rxd1 Rfd8 17. exf7+ Kxf7 18. Rf1 Rbc8 19. Ba3 Bd4 20. Be4 Bc5 21. Bc1 Bb6 22. Kg2 Rc7 23. Bf4 Rcc8 24. Bd3 Bc7 25. Be3 Bb6 26. Bf4 Rc5 27. h4 e5 28. Bg5 Rdc8 29. Rh1 h5 30. Bd2 Rd8 31. Bg5 Rd7 32. Bc4+ Kg7 33. Kf3 e4+ 34. Kxe4 Ra5 35. a4 Bxf2 36. Kf3 Rf5+ 37. Bf4 Bxg3 38. Kxg3 Rd4 39. e3 Rd2 40. Rf1 a5 41. Rf2 Rd1 42. Kf3 Rh1 43. Kg3 Rg1+ 44. Rg2 Rh1 45. Bd3 Rd5 46. Be4 Rdd1 47. Kf3 Rxh4 48. Rxg6+ Kf7 49. Ra6 Rhh1 50. Bg3 h4 51. Be5 Rdf1+ 52. Kg4 h3 53. Bxh1 Rxh1 54. Rh6 Rg1+ 55. Kxh3 Rh1+ 56. Bh2 Rb1 57. Rb6 Re1 58. Rb5 Rxe3+ 59. Bg3 Kf6 60. Kg4 Ke6 61. Bf4 Re4 62. Rxa5 Rb4 63. Rb5 Re4 64. a5 Re1 65. Rb6+ Kd7 66. b4 Rg1+ 67. Kf5 Kc8 68. Rb8+ Kd7 69. a6 Rd1 70. a7 Rd5+ 71. Be5 Rd1 72. a8=Q Rf1+ 73. Bf4 Re1 74. Qd5+ Ke7 75. Rb7+ Kf8 76. Qd8+ Re8 77. Qf6+ Kg8 78. Qg7# 1-0

[Event "January 2 Early 2024"]
[Site "https://www.chess.com"]
[Date "2024.01.02"]
[Round "4"]
[White "Arabidze, Meri"]
[Black "Olsson, Linus"]
[Result "1-0"]
[Board "80"]
[TimeControl "180+1"]
[WhiteFideId "13604040"]
[BlackFideId "1706098"]
[WhiteElo "2723"]
[BlackElo "2496"]
[WhiteTeam "GEO"]
[BlackTeam "SWE"]
[WhiteClock "0:00:06"]
[BlackClock "0:00:00"]

1. Nf3 g6 2. g3 Bg7 3. Bg2 c5 4. c4 Nc6 5. O-O e6 6. Nc3 Nge7 7. d3 O-O 8. Bg5 h6 9. Bd2 d5 10. Rb1 Bd7 11. a3 Rc8 12. cxd5 exd5 13. e4 Be6 14. Re1 d4 15. Na4 b6 16. b4 c4 17. dxc4 Bxc4 18. b5 Nb8 19. Rb4 Be6 20. e5 Nf5 21. g4 Nh4 22. Nxh4 Qxh4 23. Rxd4 Rfd8 24. Rxd8+ Rxd8 25. h3 Nd7 26. f4 Nc5 27. Nxc5 bxc5 28. Qe2 c4 29. Be3 Qe7 30. a4 Rd3 31. Be4 Qa3 32. Bxd3 cxd3 33. Qd2 Qb3 34. Rd1 Bc4 35. Bd4 Bf8 36. f5 Bb4 37. Qc1 d2 38. Rxd2 Bxd2 39. Qxd2 Bd5 40. Bf2 Qf3 41. Kf1 Bc4+ 42. Kg1 Bd5 43. Kf1 Qxh3+ 44. Ke1 Qh1+ 45. Ke2 Qf3+ 46. Ke1 Qxg4 47. Qxd5 gxf5 48. Qd8+ 1-0

[Event "January 2 Early 2024"]
[Site "https://www.chess.com"]
[Date "2024.01.02"]
[Round "4"]
[White "Spitzl, Vinzent"]
[Black "Fier, Alexandr"]
[Result "0-1"]
[Board "81"]
[TimeControl "180+1"]
[WhiteFideId "12901253"]
[BlackFideId "2107139"]
[WhiteElo "2487"]
[BlackElo "2722"]
[WhiteTeam "GER"]
[BlackTeam "BRA"]
[WhiteClock "0:00:44"]
[BlackClock "0:02:55"]

1. e4 Nf6 2. e5 Nd5 3. d4 d6 4. Nf3 g6 5. c4 Nb6 6. exd6 cxd6 7. Nc3 Bg7 8. Be2 O-O 9. Be3 Nc6 10. O-O Bg4 11. b3 d5 12. c5 Nc8 13. h3 Bxf3 14. Bxf3 e6 15. Qd2 N8e7 16. Ne2 Nf5 17. b4 Nh4 18. Bg4 h5 19. Bg5 Bf6 20. Bxh4 Bxh4 21. Bf3 Bf6 22. Rac1 Bg7 23. a4 a6 24. Rfd1 Kh7 25. g3 Bh6 26. Nf4 Qf6 27. b5 axb5 28. axb5 Na5 29. c6 Nb3 30. Qe3 Nxc1 31. Rxc1 bxc6 32. bxc6 Bxf4 33. gxf4 Ra4 34. c7 Rc8 35. Qb3 Rxd4 36. Qb7 Qxf4 37. Qxc8 Qxc1+ 38. Kg2 Rc4 0-1

[Event "January 2 Early 2024"]
[Site "https://www.chess.com"]
[Date "2024.01.02"]
[Round "4"]
[White "Srebrnic, Marko"]
[Black "Dyachuk, Artem"]
[Result "0-1"]
[Board "82"]
[TimeControl "180+1"]
[WhiteFideId "14603616"]
[BlackFideId "34107924"]
[WhiteElo "2483"]
[BlackElo "2709"]
[WhiteTeam "SLO"]
[BlackTeam "UKR"]
[WhiteClock "0:00:04"]
[BlackClock "0:00:52"]

1. e4 e5 2. Nc3 Nc6 3. Bc4 Nf6 4. d3 Na5 5. Bb3 Nxb3 6. axb3 Bc5 7. f4 d6 8. Nf3 O-O 9. Na4 exf4 10. Nxc5 dxc5 11. Bxf4 Re8 12. O-O h6 13. Qe1 b6 14. Qh4 Bb7 15. Nd2 Re6 16. Be3 a5 17. Rf5 Nd5 18. Qxd8+ Rxd8 19. Re1 Nb4 20. Rc1 Na2 21. Rcf1 Nb4 22. Rc1 Rd7 23. Nc4 Na2 24. Rcf1 Nb4 25. R1f2 f6 26. e5 Bd5 27. exf6 Bxc4 28. bxc4 Rxe3 29. fxg7 Re1+ 30. Rf1 Nxc2 31. Rxe1 Nxe1 32. Rf6 Kxg7 33. Re6 Nxd3 0-1

[Event "January 2 Early 2024"]
[Site "https://www.chess.com"]
[Date "2024.01.02"]
[Round "4"]
[White "Mgeladze, Tamaz"]
[Black "Barak, Gil"]
[Result "1-0"]
[Board "83"]
[TimeControl "180+1"]
[WhiteFideId "13601202"]
[BlackFideId "2812690"]
[WhiteElo "2706"]
[BlackElo "2465"]
[WhiteTeam "GEO"]
[BlackTeam "ISR"]
[WhiteClock "0:00:52"]
[BlackClock "0:00:00"]

1. c4 e6 2. Nf3 d5 3. g3 c5 4. Bg2 Nc6 5. cxd5 exd5 6. d4 Nf6 7. O-O Be7 8. dxc5 Bxc5 9. Nc3 O-O 10. Na4 Be7 11. Be3 Bg4 12. h3 Bxf3 13. Bxf3 Qd7 14. Bg2 Rfd8 15. Rc1 Rac8 16. Nc5 Bxc5 17. Rxc5 Ne4 18. Bxe4 dxe4 19. Qxd7 Rxd7 20. Rfc1 g6 21. R1c4 f5 22. g4 Rd1+ 23. Kg2 Rf8 24. gxf5 gxf5 25. Bf4 Rf6 26. e3 Rd2 27. Rc2 Rd7 28. a3 Rg7+ 29. Bg3 h5 30. h4 a6 31. Rd5 f4 32. exf4 Rxf4 33. Rxh5 e3 34. Rg5 Rxg5 35. hxg5 Rg4 36. fxe3 Rxg5 37. Kf3 Kf7 38. Bf4 Rh5 39. Ke4 Ke6 40. Rg2 Kf6 41. Rg8 Rb5 42. b4 a5 43. bxa5 Rxa5 44. Bd6 Ke6 45. Rg6+ Kf7 46. Rh6 Ra6 47. Rh7+ Ke6 48. Bf8 Ra4+ 49. Kd3 Ne5+ 50. Kc3 b5 51. Bb4 Ra8 52. e4 Rc8+ 53. Kb3 Nd3 54. Re7+ Kf6 55. Rb7 Nc1+ 56. Kb2 Nd3+ 57. Ka2 Nxb4+ 58. axb4 Ke5 59. Rxb5+ Kxe4 60. Kb3 Kd4 61. Rh5 Rb8 62. b5 Rb7 63. Kb4 Rb8 64. Rg5 Rb7 65. Ka5 Kc4 66. Ka6 Rb8 67. b6 Ra8+ 68. Kb7 Re8 69. Ka7 1-0

[Event "January 2 Early 2024"]
[Site "https://www.chess.com"]
[Date "2024.01.02"]
[Round "4"]
[White "Gullaksen, Eirik"]
[Black "Coca Cubillos, Jesus Alberto"]
[Result "0-1"]
[Board "84"]
[TimeControl "180+1"]
[WhiteFideId "1500945"]
[BlackFideId "4462912"]
[WhiteElo "2695"]
[BlackElo "2464"]
[WhiteTeam "NOR"]
[BlackTeam "COL"]
[WhiteClock "0:01:06"]
[BlackClock "0:02:00"]

1. e4 g6 2. d4 Bg7 3. Nc3 d6 4. Nf3 Nc6 5. h3 Nh6 6. Be3 f6 7. Qd2 Nf7 8. O-O-O O-O 9. Bc4 Kh8 10. g4 e5 11. Kb1 a6 12. Rhg1 f5 13. gxf5 gxf5 14. exf5 Bxf5 15. Nh4 Qxh4 16. Bxf7 Rxf7 17. d5 Ne7 18. Bg5 Qh5 19. h4 Rg8 20. Ne2 Qf3 21. Ng3 Bg4 22. Qb4 Nxd5 23. Rxd5 Qxd5 24. Qxg4 Rxf2 25. Nh5 Qf3 26. Qxf3 Rxf3 27. Nxg7 Rxg7 28. a4 h6 0-1

[Event "January 2 Early 2024"]
[Site "https://www.chess.com"]
[Date "2024.01.02"]
[Round "4"]
[White "Zimmermann, Ulrich"]
[Black "Gritsenko, Nikolai"]
[Result "1-0"]
[Board "85"]
[TimeControl "180+1"]
[WhiteFideId "24654523"]
[BlackFideId "14112493"]
[WhiteElo "2442"]
[BlackElo "2692"]
[WhiteTeam "GER"]
[BlackTeam "UKR"]
[WhiteClock "0:00:26"]
[BlackClock "0:00:00"]

1. Nf3 c5 2. e3 Nf6 3. d4 e6 4. Be2 b6 5. O-O Bb7 6. c4 Be7 7. dxc5 bxc5 8. b3 O-O 9. Bb2 d6 10. Nc3 a6 11. Qc2 Qc7 12. Rad1 Nbd7 13. Rd2 Rfd8 14. Rfd1 Nf8 15. Ng5 Ng6 16. Nce4 Nxe4 17. Nxe4 f5 18. Nc3 Nh4 19. Bf1 Qc6 20. f3 Nxf3+ 21. gxf3 Qxf3 22. Bg2 Qxe3+ 23. Kh1 Bxg2+ 24. Rxg2 Qf3 25. Rd3 Qc6 26. Nd5 Bf8 27. Nf6+ Kh8 28. Rh3 h6 29. Kg1 gxf6 30. Bxf6+ Kh7 31. Qe2 Qe8 32. Rhg3 Rd7 33. Qf3 Rf7 34. Rg6 Raa7 35. Qh5 Rxf6 36. Rxh6+ Bxh6 37. Qxe8 Rg7 38. Qd8 Rfg6 39. Rxg6 Rxg6+ 40. Kf2 Bf4 41. h3 Be5 42. Qe7+ Kh6 43. Qf8+ Kh7 44. Qa8 Bd4+ 45. Kf3 e5 46. Qxa6 e4+ 47. Kf4 e3 48. Qb7+ Kh6 49. Qf3 Re6 50. Qe2 Kg6 51. a4 Re4+ 52. Kf3 Kg5 53. Qg2+ Kf6 54. a5 e2 55. Qxe2 Rxe2 56. Kxe2 1-0

[Event "January 2 Early 2024"]
[Site "https://www.chess.com"]
[Date "2024.01.02"]
[Round "4"]
[White "Mindlin, Alon"]
[Black "Bolat, Inayat"]
[Result "1-0"]
[Board "86"]
[TimeControl "180+1"]
[WhiteFideId "2800071"]
[BlackFideId "13733125"]
[WhiteElo "2690"]
[BlackElo "2441"]
[WhiteTeam "ISR"]
[BlackTeam "KAZ"]
[WhiteClock "0:00:50"]
[BlackClock "0:00:03"]

1. e4 e5 2. Nf3 Nc6 3. Nc3 Nf6 4. Bb5 Bb4 5. O-O O-O 6. d3 d6 7. Bg5 Bxc3 8. bxc3 Ne7 9. Nh4 Ng6 10. Nxg6 hxg6 11. f4 c6 12. Bc4 Qb6+ 13. Kh1 Ng4 14. Qe1 Ne3 15. Rb1 Qc5 16. Be7 Nxf1 17. Bxf8 Kxf8 18. Qh4 g5 19. Qxg5 f6 20. Qh5 d5 21. Rxf1 dxc4 22. fxe5 cxd3 23. Qh8+ Kf7 24. exf6 g5 25. Qg7+ Ke6 26. f7 Bd7 27. Qf6# 1-0

[Event "January 2 Early 2024"]
[Site "https://www.chess.com"]
[Date "2024.01.02"]
[Round "4"]
[White "Sztokbant, Bernardo Vainzoff"]
[Black "Agibileg, Uurtsaikh"]
[Result "0-1"]
[Board "87"]
[TimeControl "180+1"]
[WhiteFideId "2115956"]
[BlackFideId "4901606"]
[WhiteElo "2434"]
[BlackElo "2684"]
[WhiteTeam "BRA"]
[BlackTeam "MGL"]
[WhiteClock "0:00:00"]
[BlackClock "0:01:36"]

1. e3 Nf6 2. d4 g6 3. c4 Bg7 4. Nf3 O-O 5. Be2 d6 6. O-O c5 7. Nc3 Nc6 8. b3 a6 9. Bb2 Rb8 10. Rc1 Bg4 11. h3 Bf5 12. dxc5 dxc5 13. Qxd8 Rfxd8 14. Rfd1 Ne4 15. g4 Rxd1+ 16. Bxd1 Nxc3 17. Bxc3 Bd3 18. Ne1 Rd8 19. Bf3 Bxc3 20. Rxc3 Bb1 21. a3 Ne5 22. Bxb7 Rd1 23. Kf1 Bd3+ 24. Rxd3 Nxd3 25. Ke2 Rxe1+ 26. Kxd3 Ra1 27. a4 a5 28. Ke4 Rd1 29. f4 Kf8 30. Bc6 e6 31. g5 Ke7 32. Kf3 Rb1 33. Ke4 Rxb3 34. Bb5 Rb1 35. Kf3 Rc1 36. Kg3 e5 37. fxe5 Ke6 38. Kf4 Rf1+ 39. Ke4 Rh1 40. Bc6 Rxh3 41. Bd5+ Ke7 42. Kf4 Rh2 43. Bc6 Ke6 44. Bd5+ Ke7 45. Bc6 Rh4+ 46. Kf3 Rxc4 0-1

[Event "January 2 Early 2024"]
[Site "https://www.chess.com"]
[Date "2024.01.02"]
[Round "4"]
[White "Arslanov, Shamil"]
[Black "Tiarks, Jann-Christian"]
[Result "1-0"]
[Board "88"]
[TimeControl "180+1"]
[WhiteFideId "4192826"]
[BlackFideId "12951595"]
[WhiteElo "2684"]
[BlackElo "2419"]
[WhiteTeam "RUS"]
[BlackTeam "GER"]
[WhiteClock "0:00:04"]
[BlackClock "0:00:45"]

1. d4 c5 2. Nc3 cxd4 3. Qxd4 Nc6 4. Qh4 d5 5. Nf3 Bf5 6. g3 Bxc2 7. Bg2 Nf6 8. O-O e6 9. Bg5 Be7 10. Rac1 Bg6 11. Rfd1 Qa5 12. a3 O-O 13. e3 Rac8 14. Nd4 Nxd4 15. exd4 h6 16. Bd2 Qb6 17. Na4 Qb5 18. Nc5 Bxc5 19. dxc5 Qxb2 20. Bc3 Qxa3 21. Bxf6 gxf6 22. Qxf6 Rxc5 23. Ra1 Qc3 24. Qf4 a6 25. Qxh6 Rfc8 26. h4 Qg7 27. Qf4 Rc4 28. Qe3 Rc3 29. Qf4 R3c4 30. Qe3 Qf6 31. Ra2 Rc2 32. Rxc2 Rxc2 33. f4 Qb2 34. Bf3 a5 35. h5 Be4 36. Bxe4 dxe4 37. Qxe4 Qb6+ 38. Kh1 Qf2 39. Rd8+ Kg7 40. Qe5+ f6 41. Rd7+ Kf8 42. Qxf6+ Ke8 43. Qf7# 1-0

[Event "January 2 Early 2024"]
[Site "https://www.chess.com"]
[Date "2024.01.02"]
[Round "4"]
[White "Rozman, Levy"]
[Black "Begunov, Konstantin"]
[Result "0-1"]
[Board "89"]
[TimeControl "180+1"]
[WhiteFideId "2039877"]
[BlackFideId "4118510"]
[WhiteElo "2683"]
[BlackElo "2416"]
[WhiteTeam "USA"]
[BlackTeam "RUS"]
[WhiteClock "0:00:14"]
[BlackClock "0:00:06"]

1. e4 c5 2. Nc3 d6 3. d4 cxd4 4. Qxd4 a6 5. b3 Nc6 6. Qd2 Nf6 7. Bb2 e6 8. O-O-O Be7 9. f3 Qc7 10. Kb1 Bd7 11. g4 h6 12. h4 O-O-O 13. Qh2 Kb8 14. Nh3 Ne5 15. Be2 Bc6 16. Rd2 Nfd7 17. f4 Ng6 18. h5 Ngf8 19. Rhd1 Nh7 20. Nd5 exd5 21. exd5 Bb5 22. c4 Bxc4 23. Bxc4 Bf6 24. Nf2 Bxb2 25. Rxb2 Nhf6 26. Qg2 Rde8 27. Rc2 Qb6 28. Bd3 Nc5 29. Bf5 Re3 30. Rb2 Rhe8 31. Rc1 Qb4 32. Nd1 Re1 33. Qc2 Qxf4 34. b4 Nce4 35. a4 Nxd5 36. Ka2 Rxd1 37. Rxd1 Nec3+ 38. Ka3 Nxd1 39. Qxd1 Re3+ 40. Bd3 Qd4 41. Rb3 Nf4 42. Bc2 Rxb3+ 43. Kxb3 Qxd1 44. Bxd1 Kc7 45. Kc3 d5 46. Kd4 Kd6 47. Bf3 Ne6+ 48. Kc3 b6 49. Be2 a5 50. Kb3 Ke5 51. Kc3 d4+ 52. Kc4 Nf4 53. Bd1 Ke4 54. bxa5 bxa5 55. Kb5 d3 56. Kxa5 d2 57. Kb4 Nd5+ 58. Kb3 Ne3 59. Kc3 Nxd1+ 60. Kxd2 Ne3 61. Kc3 Nxg4 62. a5 Kd5 63. Kd3 Kc6 64. Ke4 Nf6+ 65. Ke5 Nxh5 66. Kf5 Kb5 67. Kg4 Nf6+ 68. Kf5 Kxa5 69. Ke5 h5 70. Kf5 Kb5 71. Kf4 Kc4 72. Kg5 Kd4 73. Kf4 Kd3 74. Kg5 Ke3 75. Kh4 Kf3 76. Kh3 g5 77. Kh2 g4 78. Kh1 g3 79. Kg1 g2 0-1

[Event "January 2 Early 2024"]
[Site "https://www.chess.com"]
[Date "2024.01.02"]
[Round "4"]
[White "Carre, Sylvain"]
[Black "Aldokhin, Ivan"]
[Result "1-0"]
[Board "90"]
[TimeControl "180+1"]
[WhiteFideId "642118"]
[BlackFideId "24115720"]
[WhiteElo "2412"]
[BlackElo "2679"]
[WhiteTeam "FRA"]
[BlackTeam "RUS"]
[WhiteClock "0:00:28"]
[BlackClock "0:00:00"]

1. d4 Nf6 2. Bf4 e6 3. e3 c5 4. c3 Nc6 5. Nd2 d5 6. Ngf3 Be7 7. Bd3 Nh5 8. Be5 c4 9. Bc2 Nxe5 10. Nxe5 g6 11. Ba4+ Kf8 12. Qf3 Nf6 13. e4 Kg7 14. Rd1 b5 15. Bc2 Bb7 16. h4 h5 17. Nxf7 Kxf7 18. e5 Kg7 19. exf6+ Bxf6 20. Qg3 Rh6 21. Nf3 Qe7 22. O-O Rf8 23. Rfe1 Bc6 24. Ne5 Be8 25. Nf3 Kh8 26. Re2 Rg8 27. Ng5 Bxg5 28. hxg5 Rh7 29. Rde1 Bd7 30. Qe5+ Qg7 31. g3 Qxe5 32. Rxe5 Rf7 33. f4 Kg7 34. Kg2 h4 35. Rh1 hxg3 36. Kxg3 1-0